 Dungeon Crawl Stone Soup version 0.32-a0-132-g2d33c3cfaf (webtiles) character file.

Game seed: 5646798932338012859

175 dialectric the Sneak (level 5, -1/27 HPs)
             Began as a Spriggan Brigand on Feb 10, 2024.
             Slain by an orc
             ... wielding a +0 trident
              (8 damage)
             ... on level 5 of the Dungeon.
             The game lasted 00:03:46 (2003 turns).

dialectric the Sneak (Spriggan Brigand)             Turns: 2003, Time: 00:03:47

Health: -1/27      AC:  3    Str:  9    XL:     5   Next: 29%
Magic:  6/6        EV: 18    Int: 13    God:
Gold:   140        SH:  0    Dex: 16    Spells: 2/4 levels left

rFire   . . .        a - +2 dagger
rCold   . . .        (no shield)
rNeg    . . .        b - +0 robe
rPois   .            (helmet restricted)
rElec   .            c - +0 cloak
rCorr   .            (gloves unavailable)
SInv    +            (boots unavailable)
Will    .....        (no amulet)
Stlth   ++++         (no ring)
HPRegen 0.24/turn    (no ring)
MPRegen 0.10/turn

%: no passive effects
@: very quick
A: very small, no large weapons, unfitting armour, see invisible, speed 3
a: no special abilities


You were on level 5 of the Dungeon.
You visited 1 branch of the dungeon, and saw 5 of its levels.

You collected 140 gold pieces.

Inventory:

Hand Weapons
 a - a +2 dagger (weapon)
 e - a +0 dagger
Missiles
 d - 6 poisoned darts (quivered)
Armour
 b - a +0 robe (worn)
 c - a +0 cloak (worn)
Jewellery
 s - a ring of protection from fire
Talismans
 r - a serpent talisman
Wands
 j - a wand of roots (4)
Scrolls
 f - 2 scrolls of teleportation
 h - a scroll of brand weapon {unknown}
 i - a scroll of enchant armour {unknown}
 m - a scroll of blinking {unknown}
 n - a scroll of identify {unknown}
 o - a scroll of immolation {unknown}
 p - a scroll of torment {unknown}
 q - a scroll of butterflies {unknown}
 t - a scroll of silence {unknown}
Potions
 g - a potion of magic {unknown}
 k - a potion of might {unknown}
 l - a potion of mutation {unknown}


   Skills:
 + Level 2.4 Fighting
 + Level 3.3 Short Blades
 - Level 2.1 Throwing
 * Level 4.3 Dodging
 + Level 6.8 Stealth


You had 2 spell levels left.
You knew the following spells:

 Your Spells              Type           Power      Damage    Failure   Level
a - Blink                 Tloc           0%         N/A       43%         2

Your spell library contained the following spells:

 Spells                   Type           Power      Damage    Failure   Level
 Lesser Beckoning         Tloc           0%         N/A       43%         2
 Momentum Strike          Conj/Tloc      0%         3d8       43%         2


Dungeon Overview and Level Annotations

Branches:
Dungeon (5/15)
 Temple: D:4-7

Altars:

Shops:
D:2 *

Annotations:
D:2 Sigmund
D:4 Grinder


Innate Abilities, Weirdness & Mutations

You are very small and have problems with some larger weapons.
You are too small for most types of armour.
You have supernaturally acute eyesight. (SInv)
You cover ground extremely quickly. (Speed+++)


Message History

The orc wizard gestures at you while chanting.
The magic dart hits you!
You hit the orc wizard.
The orc wizard is heavily wounded.
The orc wizard closely misses you. The orc closely misses you.
You hit the orc wizard but do no damage.
The orc wizard is heavily wounded.
The orc wizard barely misses you.
The orc hits you from afar with a +0 trident.
Things that are here:
a +0 falchion; a +0 chain mail
Aiming: Fastroot
Press: ? - help, Shift-Dir - straight line, f - orc wizard
Aim: an orc wizard, wielding a +0 dagger and wearing a +0 robe (heavily wounded, slightly transparent)
The roots erupt in riotous growth!
Roots grab the orc wizard.
The grasping roots constrict the orc wizard.
The orc wizard struggles to escape constriction.
Throw: 9 darts (poison)
Press: ? - help, Q - select action, (/) - cycle Shift-Dir - straight line, f/p - orc wizard
Aim: an orc wizard, wielding a +0 dagger and wearing a +0 robe (almost dead, slightly transparent, constricted by roots, 89% to hit)
You throw a poisoned dart. The poisoned dart hits the orc wizard.
The orc wizard is poisoned.
The orc wizard is almost dead.
The grasping roots constrict the orc wizard!
You kill the orc wizard!
Throw: 8 darts (poison)
Press: ? - help, Q - select action, (/) - cycle Shift-Dir - straight line, f - orc
Aim: an orc, wielding a +0 trident (59% to hit)
You throw a poisoned dart. The poisoned dart hits the orc.
The orc is poisoned.
Unknown command.
Throw: 7 darts (poison)
Press: ? - help, Q - select action, (/) - cycle Shift-Dir - straight line, f/p - orc
Aim: an orc, wielding a +0 trident (poisoned, 59% to hit)
You throw a poisoned dart. The poisoned dart hits the orc.
The orc looks even sicker.
The orc hits you from afar with a +0 trident!
* * * LOW HITPOINT WARNING * * *
The orc hits you with a +0 trident!
You die...

.......# [..
........# #.#
........+ .(.
........# #.#
.......## #.#
#.....## #(#
##...## #)# #+##
#o# #.# #@# #.#
#.# ##.## #.#
##...## #.#
#.....##### #.#
.)........######.#
#.#.#####........#
#†### ##########
..#


You could see an orc (very poisoned).

Vanquished Creatures
  An orc priest (D:3)
  2 orc wizards
  3 adders
  3 dart slugs
  9 orcs
  5 ball pythons
  3 endoplasms
  2 giant cockroaches (D:1)
  5 hobgoblins
  2 jackals (D:1)
  4 quokkas
  6 bats
  5 kobolds
  6 rats
56 creatures vanquished.

Notes
Turn   | Place    | Note
-------+----------+-------------------------------------------
     0 | D:1      | dialectric the Spriggan Brigand began the quest for the
                  | Orb.
     0 | D:1      | Reached XP level 1. HP: 10/10 MP: 2/2
    38 | D:1      | You fall into a shaft and drop 1 floor!
   154 | D:2      | Reached skill level 6 in Stealth
   217 | D:1      | Reached XP level 2. HP: 13/15 MP: 3/3
   352 | D:1      | Found a faded altar of an unknown god.
   563 | D:1      | Reached XP level 3. HP: 18/18 MP: 4/4
   992 | D:2      | Learned a level 2 spell: Blink
  1001 | D:2      | Noticed Sigmund
  1005 | D:2      | Found Zirureri's General Store.
  1408 | D:3      | Reached XP level 4. HP: 23/23 MP: 5/5
  1544 | D:3      | Reached XP level 5. HP: 20/27 MP: 6/6
  1883 | D:4      | Noticed Grinder
  1894 | D:5      | Entered Level 5 of the Dungeon
  2003 | D:5      | Slain by an orc

Illustrated notes

Levels and vault maps discovered:
D:1:      tarquinn_simple_flora_water_a, layout_basic,
          ebering_ecumenical_altar_sacrificial
D:2:      layout_basic, serial_shops, nicolae_shop_trees, uniq_sigmund,
          uniq_crazy_yiuf_cottage
D:3:      layout_basic
D:4:      layout_basic, gammafunk_ghost_mausoleum, uniq_menkaure, uniq_natasha,
          uniq_grinder
D:5:      layout_loops_corners, minmay_gold_behind_fungi

Skill      XL: |  1  2  3  4 |
---------------+-------------+-----
Stealth        | 6 |  6.8
Dodging        | 2 3 4 |  4.3
Fighting       | 2 |  2.4
Short Blades   | 3 |  3.3
Throwing       | |  2.1

Action                     |  1- 3 |  4- 6 || total
---------------------------+-------+-------++-------
  Melee: Dagger            |   125 |    56 ||   181
         Punch             |     6 |     1 ||     7
  Throw: Dart              |       |     9 ||     9
  Evoke: Wand              |       |     1 ||     1
    Use: Scroll            |       |     1 ||     1
   Stab: Sleeping          |    12 |     5 ||    17
 Armour: Robe              |    37 |    22 ||    59
  Dodge: Dodged            |   109 |    38 ||   147

Table legend: (Time is in decaauts)
 A = Elapsed time spent in this place.
 B = Non-inter-level travel time spent in this place.
 C = Inter-level travel time spent in this place.
 D = Time resting spent in this place.
 E = Time spent auto-exploring this place.
 F = Levels seen in this place.
 G = Mean time per level.
                   A        B        C        D        E       F      G
               +--------+--------+--------+--------+--------+-----+--------+
         Total |   1355 |   1279 |     76 |     82 |    723 |   5 |  271.0 |
       Dungeon |   1355 |   1279 |     76 |     82 |    723 |   5 |  271.0 |
               +--------+--------+--------+--------+--------+-----+--------+

Top non-repeatable levels by time:
     D:1: 647 daAuts
     D:3: 386 daAuts
     D:2: 220 daAuts
     D:5: 73 daAuts
     D:4: 28 daAuts
